 Dungeon Crawl Stone Soup version 0.32-a0-747-gc8563f6773 (webtiles) character file.

Game seed: 10396142409068195993

9221 jasper the Mimic (level 11, -9/69 HPs)
             Began as a Vine Stalker Fighter on Mar 17, 2024.
             Was an Initiate of Gozag.
             Killed from afar by an arcanist (26 damage)
             ... with a bolt of cold
             ... on level 14 of the Dungeon.
             The game lasted 00:15:00 (8223 turns).

jasper the Mimic (Vine Stalker Fighter)             Turns: 8223, Time: 00:15:01

Health: -9/69      AC:  9    Str: 24    XL:     11   Next: 43%
Magic:  0/12       EV: 16    Int:  8    God:    Gozag
Gold:   1370       SH:  0    Dex: 18    Spells: 10/10 levels left

rFire   . .          .
                       - Unarmed
rCold   . . .        b - melded +1 buckler
rNeg    . . .        H - melded +2 ring mail {rC+}
rPois   +            (helmet currently unavailable)
rElec   .            x - melded +0 cloak
rCorr   .            (gloves currently unavailable)
SInv    .            (boots currently unavailable)
Will    +....        P - amulet of regeneration
Stlth   ++           k - +4 ring of slaying
HPRegen 1.91/turn    B - +5 ring of evasion
MPRegen 0.13/turn

%: guardian spirit
@: snake-form, gold aura
A: constrict, boosted hp, large, (fangs 3), regeneration 1, magic shield,
(antimagic bite), no potion heal 2
a: Begin Untransformation, Renounce Religion, Potion Petition, Call Merchant,
Bribe Branch


You were on level 14 of the Dungeon.
You worshipped Gozag.
Gozag was most pleased with you.
You were an enormous serpent.
You visited 2 branches of the dungeon, and saw 13 of its levels.

You collected 2847 gold pieces.
You spent 1438 gold pieces at shops.
You paid 39 gold pieces to Gozag.

Inventory:

Hand Weapons
 D - a +0 whip
Missiles
 e - 70 stones (quivered)
 E - a curare-tipped dart
 G - 4 boomerangs
Armour
 a - a +0 scale mail
 b - a +1 buckler (melded)
 f - a scarf of repulsion
 x - a +0 cloak (melded)
 H - a +2 ring mail of cold resistance (melded)
 J - a +0 pair of gloves
 K - a +0 helmet
 M - a +0 pair of boots
Jewellery
 g - a ring of fire
 k - a +4 ring of slaying (left hand)
 q - an amulet of magic regeneration
 t - the ring "Botos" {rElec rN+ EV+5 Slay-5}
   (You bought it in a shop on level 1 of the Dungeon)

   [ring of evasion]

   EV+5:      It affects your evasion (+5).
   Slay-5:    It affects your accuracy & damage with ranged weapons and melee
   (-5).
   rElec:     It insulates you from electricity.
   rN+:       It protects you from negative energy.
 B - a +5 ring of evasion (right hand)
 I - a ring of resist corrosion
 O - a ring of protection from cold
 P - an amulet of regeneration (around neck)
Talismans
 i - a serpent talisman (active)
 r - a maw talisman
Wands
 u - a wand of iceblast (2)
 y - a wand of flame (4)
 F - a wand of mindburst (21)
 N - a wand of charming (5)
Scrolls
 l - 3 scrolls of teleportation
 w - 2 scrolls of vulnerability
 A - a scroll of immolation
Potions
 c - 3 potions of haste
 d - 9 potions of curing
 h - 2 potions of mutation
 j - a potion of brilliance
 m - a potion of heal wounds
 o - 3 potions of attraction
 p - a potion of resistance
 s - a potion of lignification {unknown}
 z - a potion of enlightenment {unknown}
 C - a potion of degeneration {unknown}


   Skills:
 + Level 7.5 Fighting
 - Level 2.4 Armour
 + Level 4.8 Dodging
 - Level 3.0 Shields
 * Level 10.0 Unarmed Combat
 - Level 10.0 Shapeshifting


You had 10 spell levels left.
You didn't know any spells.
Your spell library contained the following spells:

 Spells                   Type           Power      Damage    Failure   Level
 Foxfire                  Conj/Fire      0%         2x1d4     41%         1
 Magic Dart               Conj           0%         1d3       41%         1
 Sandblast                Erth           0%         2d4       41%         1
 Shock                    Conj/Air       0%         1d3       41%         1
 Blink                    Tloc           0%         N/A       54%         2
 Cigotuvi's Dreadful Rot  Necr/Alch/Air  0%         N/A       54%         2
 Lesser Beckoning         Tloc           0%         N/A       54%         2
 Momentum Strike          Conj/Tloc      0%         3d8       54%         2
 Scorch                   Fire           0%         2d5       54%         2
 Static Discharge         Conj/Air       0%         3-3/arc   54%         2
 Dazzling Flash           Conj/Hex       0%         N/A       78%         3
 Mephitic Cloud           Conj/Alch/Air  0%         N/A       78%         3
 Stone Arrow              Conj/Erth      0%         3d7       78%         3
 Airstrike                Air            0%         2d(0-16)  99%         4
 Brom's Barrelling Bould  Conj/Erth      0%         2d3       99%         4
 Dispel Undead            Necr           0%         3d6       99%         4
 Flame Wave               Conj/Fire      0%         2d4       99%         4
 Martyr's Knell           Necr/Summ      0%         N/A       99%         4
 Summon Lightning Spire   Summ/Air       0%         N/A       99%         4
 Vhi's Electric Charge    Tloc/Air       0%         N/A       99%         4
 Alistair's Intoxication  Alch           0%         N/A       100%        5
 Arcjolt                  Conj/Air       0%         1d10      100%        5
 Borgnjor's Vile Clutch   Necr/Erth      0%         N/A       100%        5
 Curse of Agony           Necr           0%         N/A       100%        5
 Silence                  Hex/Air        0%         N/A       100%        5
 Eringya's Noxious Bog    Alch           0%         4d6       100%        6
 Summon Cactus Giant      Summ           0%         N/A       100%        6
 Maxwell's Capacitive Co  Air            0%         ∞         100%        8


Dungeon Overview and Level Annotations

Branches:
Dungeon (14/15)            Temple (1/1) D:4             Orc (0/2) D:9
   Lair: D:8-11      Vaults: D:13-14

Altars:
Ashenzari
Cheibriados
Dithmenos
Elyvilon
Fedhas
Gozag
Hepliaklqana
Kikubaaqudgha
Makhleb
Okawaru
Qazlal
Ru
Sif Muna
Trog
Uskayaw
Vehumet
Wu Jian
Xom
Yredelemnul
Zin
The Shining One

Shops:
D:1 =   D:7 *   D:8 (

Annotations:
D:10 Lodul
D:13 Josephine


Innate Abilities, Weirdness & Mutations

You are an enormous serpent.
You have a powerful constriction melee attack.
Your maximum health is increased.
Your armour is entirely melded.
You are incapable of wielding weapons or throwing items.
((You have razor-sharp teeth.))
Your natural rate of healing is unusually fast.
When hurt, damage is shared between your health and your magic reserves.
((Your bite disrupts and absorbs the magic of your enemies.))
Potions cannot restore your health.


Message History

You take 14 damage, and have 20/69 hp.
MASSIVE DAMAGE!!
You now have 2/12 mp.
You closely miss the shadow.
The shadow is almost destroyed.
Something hits you but does no damage. Something bites you but does no damage.
The shadow closely misses you.
You closely miss the shadow.
The shadow is almost destroyed.
Something hits you but does no damage. Something bites you!
* * * LOW HITPOINT WARNING * * *
Something draws strength from your injuries!
You take 5 damage, and have 16/69 hp.
You now have 1/12 mp.
Your system rejects the healing.
You feel better. The shadow closely misses you.
Something completely misses you. Something bites you!
* * * LOW HITPOINT WARNING * * *
Something draws strength from your injuries!
You take 5 damage, and have 11/69 hp.
You now have 0/12 mp.
You hit the shadow.
You destroy the shadow!
Something completely misses you. Something bites you.
* * * LOW HITPOINT WARNING * * *
Something draws strength from your injuries!
You take 1 damage, and have 10/69 hp.
Okay, then.
Blink to where?
Press: ? - help, Dir - move target A wraith and a troll come into view.
As you read the scroll of blinking, it crumbles to dust.
The troll shouts!
You regained 2 hp, and now have 12/69 hp.
You climb downwards.
Reactivating autopickup.
Found five items.
There is a stone staircase leading up here.
You regained 3 hp, and now have 15/69 hp.
Found a potion of attraction and a potion of might.
The arcanist casts a spell at you. The bolt of cold hits you!!
You die...
Your body crumbles into a pile of gold.

#. #. #. #. #.
#.
######.######.##
.......S........
........<.......
................
.....!.........[
!......p......!.
!...............
..........[...[.
.$..............
...............


You could see an arcanist.

Vanquished Creatures
  A manticore (D:10)
  A smoke demon (D:9)
  A gargoyle (D:13)
  An unseen horror (D:7)
  2 red devils (D:9)
  2 hellwings
  A hornet (D:7)
  2 trolls
  Prince Ribbit (D:8)
  A shadow (D:13)
  5 yaks (D:10)
  2 vampire mosquitoes (D:9)
  A steam dragon (D:6)
  Menkaure (D:7)
  5 orc warriors
  2 sky beasts
  A black bear (D:3)
  3 ogres
  4 ice beasts
  3 centaurs
  A weeping skull (D:9)
  A phantom (D:6)
  3 kobold brigands
  A bullfrog (D:6)
  2 scorpions
  2 gnoll sergeants
  12 wights
  10 killer bees (D:9)
  3 howler monkeys
  9 electric eels (D:8)
  A lava snake (D:9)
  A jelly (D:5)
  6 orc priests
  4 hounds
  A gnoll bouda (D:8)
  Crazy Yiuf (D:4)
  2 iguanas
  A sleepcap (D:5)
  11 orc wizards
  15 gnolls
  3 adders
  A shadow imp (D:6)
  A white imp (D:5)
  A ribbon worm (D:4)
  2 dart slugs
  38 orcs
  5 ball pythons
  3 bats (D:3)
  5 endoplasms
  5 giant cockroaches
  6 goblins
  5 hobgoblins
  7 jackals
  5 quokkas
  8 frilled lizards
  13 kobolds
  3 rats
  A spectral orc (D:9)
239 creatures vanquished.

Notes
Turn   | Place    | Note
-------+----------+-------------------------------------------
     0 | D:1      | jasper the Vine Stalker Fighter began the quest for the
                  | Orb.
     0 | D:1      | Reached XP level 1. HP: 11/11 MP: 2/2
   214 | D:1      | Reached XP level 2. HP: 16/16 MP: 3/3
   378 | D:1      | Found Wuybrasu's Jewellery Shoppe.
   756 | D:2      | Reached XP level 3. HP: 20/20 MP: 4/4
  1177 | D:3      | Reached XP level 4. HP: 20/24 MP: 5/5
  1193 | D:3      | Reached XP level 5. HP: 28/28 MP: 6/6
  1216 | D:3      | Found an opulent altar of Gozag.
  1255 | D:3      | Became a worshipper of Gozag Ym Sagoz the Greedy
  1447 | D:3      | Noticed a black bear
  1451 | D:3      | Killed a black bear
  1614 | D:3      | Reached XP level 6. HP: 33/33 MP: 7/7
  1783 | D:3      | Identified the +0 tower shield of Dawn {Harm Int+5 Stlth-}
  1865 | D:4      | Reached skill level 5 in Unarmed Combat
  2068 | D:4      | Reached skill level 5 in Fighting
  2153 | D:4      | Reached XP level 7. HP: 39/39 MP: 8/8
  2316 | D:4      | Found a staircase to the Ecumenical Temple.
  2531 | D:4      | Found a runed translucent door.
  2532 | D:4      | Noticed Crazy Yiuf
  2661 | D:4      | Killed Crazy Yiuf
  2713 | Temple   | Entered the Ecumenical Temple
  2736 | D:5      | Entered Level 5 of the Dungeon
  2847 | D:5      | Found a shimmering blue altar of Sif Muna.
  2853 | D:5      | Found a bloodstained altar of Trog.
  3036 | D:5      | Gained mutation: You have razor-sharp teeth. [Vine Stalker
                  | growth]
  3036 | D:5      | Reached XP level 8. HP: 43/43 MP: 9/9
  3139 | D:5      | Reached skill level 5 in Shapeshifting
  3304 | D:5      | Identified a scroll of acquirement
  3304 | D:5      | Acquired 923 gold pieces
  3391 | D:1      | Bought an amulet of magic regeneration for 390 gold pieces
  3391 | D:1      | Bought the ring "Botos" {rElec rN+ EV+5 Slay-5} for 468
                  | gold pieces
  3391 | D:1      | Bought a +5 ring of evasion for 468 gold pieces
  4119 | D:6      | Found a glowing silver altar of Zin.
  4119 | D:6      | Noticed an angel
  4184 | D:7      | Reached XP level 9. HP: 39/47 MP: 8/10
  4335 | D:7      | Killed an unseen horror
  4453 | D:7      | Noticed a hornet
  4462 | D:7      | Paralysed by a hornet for 2 turns
  4464 | D:7      | Killed a hornet
  4465 | D:7      | Reached skill level 10 in Shapeshifting
  4536 | D:7      | Noticed Menkaure
  4541 | D:7      | Killed Menkaure
  4573 | D:7      | Found Ughyoson's General Store.
  4676 | D:7      | Found a shimmering altar of Xom.
  4691 | D:7      | Reached skill level 1 in Dodging
  4705 | D:7      | Found a radiant altar of Vehumet.
  4775 | D:7      | Bought a scroll of vulnerability for 56 gold pieces
  4775 | D:7      | Bought a scroll of fear for 56 gold pieces
  5287 | D:8      | Found Neamn's Antique Weapon Shop.
  5303 | D:8      | Noticed Prince Ribbit
  5316 | D:8      | Killed Prince Ribbit
  5317 | D:8      | Reached XP level 10. HP: 34/52 MP: 8/11
  5438 | D:8      | Got Jakhliv's Handbook of Patterns
  6234 | D:8      | Found an iron altar of Okawaru.
  6239 | D:8      | Found a blossoming altar of Fedhas.
  6242 | D:8      | Found an ornate altar of the Wu Jian Council.
  6553 | D:9      | Noticed a smoke demon
  6564 | D:9      | Killed a smoke demon
  6726 | D:9      | Found a snail-covered altar of Cheibriados.
  6793 | D:9      | Noticed a cyclops
  6794 | D:9      | Found a large runed translucent door.
  6795 | D:9      | Found a large runed translucent door.
  6800 | D:9      | Noticed a centaur warrior
  6801 | D:9      | Noticed a cyclops
  6808 | D:9      | Noticed a centaur warrior
  7242 | D:9      | Found a staircase to the Orcish Mines.
  7276 | D:9      | Reached XP level 11. HP: 58/58 MP: 2/12
  7603 | D:9      | Found a basalt altar of Yredelemnul.
  7784 | D:9      | Found an iron altar of Okawaru.
  7784 | D:9      | Found an iron altar of Okawaru.
  7952 | D:10     | Entered Level 10 of the Dungeon
  8024 | D:10     | Noticed a manticore
  8051 | D:10     | Killed a manticore
  8132 | D:10     | Noticed Lodul
  8138 | D:10     | You fall into a shaft and drop 3 floors!
  8211 | D:13     | Reached skill level 10 in Unarmed Combat
  8221 | D:13     | Noticed Josephine
  8222 | D:14     | Noticed an arcanist
  8223 | D:14     | Killed from afar by an arcanist

Illustrated notes

Levels and vault maps discovered:
D:1:      psy_arrival_conway, layout_loops_ring, serial_shops,
          nicolae_shop_advertising_works [nicolae_subvault_shop_adworks]
D:2:      layout_rooms
D:3:      layout_basic, nicolae_gozag_cash_rules_everything_around_me,
          minmay_misc_feat_square, minmay_misc_feat_more_columns,
          small_statue_intersection
D:4:      layout_rooms, minmay_temple_entry_hall, serial_forest,
          infiniplex_forest_corner_1, infiniplex_forest_straight_3,
          infiniplex_forest_clump_medium, infiniplex_forest_3_way,
          infiniplex_forest_clump_long, infiniplex_forest_lined_4_way,
          infiniplex_forest_lined_3_way, uniq_crazy_yiuf_cottage
D:5:      layout_rooms, hellmonk_overflow_destroyed_library, minmay_misc_feat_x
D:6:      layout_cave_pools, zin_angel
D:7:      layout_basic, nicolae_overflow_squiral, serial_shops, shop,
          uniq_menkaure
D:8:      layout_layer_cave, minmay_overflow_temple_star_quad, serial_bayou,
          serial_bayou_lake_a, serial_bayou_lagoon_b, serial_bayou_pond_a,
          serial_bayou_crossing, serial_bayou_lagoon_a, serial_shops,
          nicolae_shop_peninsula, chequers_serial_rivers_small_3,
          uniq_prince_ribbit1
D:9:      okawaru_arena_lexackson, layout_basic, lemuel_round_altar,
          yredelemnul_forgotten_temple_becter,
          kennysheep_orc_monster_closet_entryway, serial_glass, glass_columns_a,
          glass_columns_b, nicolae_where_there's_smoke
D:10:     layout_rooms, nemelex_xobeh_ov_fountains_minmay, serial_shops,
          nicolae_shop_tiny_statue_garden, shop, uniq_lodul
D:13:     layout_cave_pools, uniq_josephine
D:14:     layout_small_grid, david_vaults_4, minmay_crystal_room, uniq_agnes
Temple:   hellmonk_temple_rainy

Skill      XL: |  1  2  3  4  5  6  7  8  9 10 11 |
---------------+----------------------------------+-----
Fighting       | 3 5 6 7 |  7.5
Shields        | 3 |  3.0
Unarmed Combat | 3 4 5 6 8 10 | 10.0
Shapeshifting  | 2 4 8 10 | 10.0
Dodging        | 2 4 |  4.8
Armour         | |  2.4

Action                     |  1- 3 |  4- 6 |  7- 9 | 10-12 || total
---------------------------+-------+-------+-------+-------++-------
  Melee: Unarmed           |    94 |    60 |   265 |   187 ||   606
         Bite              |    24 |    17 |    79 |       ||   120
         Constrict         |       |       |    11 |    50 ||    61
  Throw: Stone             |       |     3 |       |       ||     3
  Evoke: Wand              |       |       |     2 |     2 ||     4
    Use: Scroll            |     1 |     4 |     2 |    12 ||    19
         Potion            |       |     1 |       |     1 ||     2
   Stab: Distracted        |       |       |       |     1 ||     1
 Armour: Scale mail        |     8 |       |       |       ||     8
         Ring mail         |    43 |    34 |   167 |       ||   244
         Skin              |       |       |    32 |   143 ||   175
  Dodge: Dodged            |    33 |    29 |   102 |   150 ||   314
  Block: Buckler           |    21 |    13 |    66 |       ||   100
   Form: Serpent           |       |       |     1 |       ||     1

Table legend: (Time is in decaauts)
 A = Elapsed time spent in this place.
 B = Non-inter-level travel time spent in this place.
 C = Inter-level travel time spent in this place.
 D = Time resting spent in this place.
 E = Time spent auto-exploring this place.
 F = Levels seen in this place.
 G = Mean time per level.
                   A        B        C        D        E       F      G
               +--------+--------+--------+--------+--------+-----+--------+
         Total |   8180 |   7711 |    469 |    530 |   5130 |  13 |  629.2 |
       Dungeon |   8178 |   7709 |    469 |    530 |   5130 |  12 |  681.5 |
        Temple |      1 |      1 |      0 |      0 |      0 |   1 |    1.0 |
               +--------+--------+--------+--------+--------+-----+--------+

Top non-repeatable levels by time:
     D:8: 1456 daAuts
     D:9: 1439 daAuts
     D:4: 913 daAuts
     D:7: 858 daAuts
     D:1: 795 daAuts
     D:3: 738 daAuts
     D:6: 682 daAuts
     D:5: 631 daAuts
     D:2: 404 daAuts
    D:10: 176 daAuts
    D:13: 81 daAuts
  Temple: 1 daAuts
    D:14: 0 daAuts
